[Event "*** SCC Grand Prix: Titled Tuesday Blitz"]
[Site "Chess.com"]
[Date "2020.10.06"]
[Round "5"]
[White "smshk35"]
[Black "chessmachine14"]
[Result "1-0"]
[WhiteElo "2452"]
[BlackElo "2277"]
[TimeControl "180+1"]
[EndTime "10:58:45 PDT"]
[Termination "smshk35 won by checkmate"]

1. e4 c5 2. Nf3 e6 3. d4 cxd4 4.
Nxd4 Nf6 5. Nc3 d6 6. Be3 Be7 7. Bd3 Nc6 8. O-O O-O 9. f4 e5 10.
Nb3 Ng4 11. Qf3 Nxe3 12. Qxe3 exf4 13. Qxf4 Ne5 14. Rad1 Bg5 15. Qg3 Bg4 16. Be2 h5 17. h3 h4 18. Qxe5 Qb6+ 19. Qd4 Be3+ 20. Kh1 Bxd4 21. Bxg4 Be5 22. Nd5 Qd8 23. c3 g6 24. Nd2 Qg5 25. Nf3 Qh6 26. Nxe5 dxe5 27. Ne7+ Kg7 28. Rd7 Rad8 29. Rxb7 Rd2 30. Nd5 Rc2 31.
Rd1 Qg5 32. a4 Kh6 33. b4 f5 34. Bf3 fxe4 35. Bxe4 Re2 36. Ne3 Rxe3 37. Bc6 Re2 38. Rdd7 Qc1+ 39. Kh2 Qf4+ 40. Kg1 Qf1+ 41. Kh2 Rxg2+ 42.
Bxg2 Qf4+ 43. Kg1 Kg5 44. Rd1 Qe3+ 45. Kh1 Rf2 46. Rg1 Qg3 47. Rf7 Kh6 48. Rxf2 Qxf2 49. Be4 Qe3 50. Rxg6+ Kh5 51. Rg4 Qxe4+ 52. Rxe4 Kg5 53.
Rxe5+ Kf4 54. Ra5 Kg3 55. Rxa7 Kxh3 56. Rh7 Kg3 57. Rxh4 Kxh4 58. a5 Kg4 59. a6 Kg3 60. a7 Kf2 61. a8=Q Ke2 62. b5 Kd3 63. b6 Kc2 64. b7 Kc1 65. b8=Q Kc2 66. Qa2+ Kxc3 67.
Qc8+ Kd4 68. Qa4+ Ke3 69. Qb3+ Kf4 70. Qcc4+ Ke5 71. Qbb5+ Kf6 72. Qcc6+ Kg7 73. Qbb7+ Kg8 74. Qg6+ Kf8 75. Qf6+ Ke8 76. Qe4+ Kd7 77. Qh7+ Kc8 78. Qc2+ Kb8 79. Qd8+ Ka7 80. Qdc7+ Ka6 81. Qa2+ Kb5 82. Qac4# 1-0

[Event "*** SCC Grand Prix: Titled Tuesday Blitz"]
[Site "Chess.com"]
[Date "2020.10.06"]
[Round "5"]
[White "Margarita2907"]
[Black "canary2016"]
[Result "1-0"]
[WhiteElo "2196"]
[BlackElo "1905"]
[TimeControl "180+1"]
[EndTime "10:58:45 PDT"]
[Termination "Margarita2907 won by checkmate"]

1. e4 e5 2. Nf3 Nf6 3. Nxe5 d6 4. Nf3 Nxe4 5. Nc3 Nxc3 6. dxc3 Be7 7. Bd3 O-O 8. Bf4 Nd7 9. Qd2 Nc5 10. O-O-O Be6 11.
Kb1 c6 12. h4 Qa5 13. b3 Bf6 14. Nd4 Bd5 15. Bxd6 Rfd8 16. Bxc5 Qxc5 17. Qe3 Re8 18. Qg3 Kh8 19. Bf5 Re5 20. Rhe1 Rxe1 21. Rxe1 Bxd4 22. cxd4 Qxd4 23. h5 Qf6 24. Bd3 Be6 25. Qe3 Re8 26. Qxa7 Qe7 27. Qd4 Qd7 28. Qxd7 Bxd7 29. Rxe8+ Bxe8 30. Kb2 Kg8 31. Kc3 Kf8 32. Kb4 Ke7 33. Kc5 Kd7 34.
Kb6 Kc8 35. Bf5+ Kb8 36. Bxh7 Bd7 37. Be4 Be6 38. a4 f5 39. Bd3 Bd7 40. f3 Be6 41.
Be2 Bf7 42. g4 fxg4 43. fxg4 Be6 44. Kc5 Bf7 45. g5 Kc7 46. h6 b6+ 47. Kd4 gxh6 48. gxh6 Bg6 49. Ke5 Bxc2 50. Kf6 Bb1 51. Bh5 Kd6 52.
Bg6 Bxg6 53. Kxg6 Kc5 54. h7 Kb4 55. h8=Q Kxb3 56. Qd4 c5 57. Qd6 Kxa4 58. Qxb6 c4 59.
Qc6+ Kb3 60. Qb5+ Kc3 61. Kf5 Kd3 62. Qd5+ Kc3 63. Ke4 Kb3 64. Qb5+ Kc3 65. Kd5 Kc2 66. Qxc4+ Kb1 67. Qd3+ Kb2 68. Qe3 Kb1 69. Kd4 Kb2 70. Kc4 Kc2 71. Qd3+ Kc1 72. Qe2 Kb1 73. Qd2 Ka1 74.
Kb3 Kb1 75. Qb2# 1-0

[Event "*** SCC Grand Prix: Titled Tuesday Blitz"]
[Site "Chess.com"]
[Date "2020.10.06"]
[Round "5"]
[White "KiranManisha"]
[Black "BigAl"]
[Result "0-1"]
[WhiteElo "2360"]
[BlackElo "2511"]
[TimeControl "180+1"]
[EndTime "10:58:47 PDT"]
[Termination "BigAl won by checkmate"]

1. e4 c6 2. d4 d5 3. e5 Bf5 4. h4 c5 5. c3 Nc6 6. g4 Bd7 7. f4 cxd4 8. cxd4 h5 9. g5 g6 10. Nc3 Bg4 11. Be2 Bxe2 12. Ngxe2 e6 13. Be3 Nge7 14.
Qd2 Nf5 15. O-O-O Na5 16. b3 Ba3+ 17. Kb1 Rc8 18. Na4 b6 19. Qd3 Qd7 20. Bc1 Bb4 21.
Ng3 Nxg3 22. Qxg3 O-O 23. Bd2 Bxd2 24. Rxd2 Nc4 25. bxc4 Qxa4 26. cxd5 Qb4+ 27. Rb2 Qxd4 28. Re1 Qxd5 29. Qg2 Qd3+ 30. Ka1 Rfd8 31. Reb1 Rd7 32. Qe2 Qd4 33. f5 gxf5 34. Qxh5 Qg4 35. Qxg4 fxg4 36. Rb4 g3 37. R4b3 Rc4 38. Rxg3 Rxh4 39. g6 Rh2 40. gxf7+ Kxf7 41. Rf1+ Ke8 42. Rg8+ Ke7 43. Rg7+ Kd8 44. Rxd7+ Kxd7 45. Rf7+ Kc6 46. Rxa7 Re2 47. Re7 Rxe5 48. Kb2 Re3 49. Kc2 Kd6 50. Rb7 Kc6 51. Re7 Kd5 52.
Rb7 Kc5 53. Rc7+ Kb4 54. Rb7 b5 55. Kd2 Ra3 56. Re7 Rxa2+ 57. Kc1 Ra6 58. Kb2 Rd6 59. Rh7 e5 60. Rh5 Rd2+ 61. Kc1 Rd5 62. Kb2 Kc4 63. Kc2 e4 64. Rh4 Kd4 65. Rh8 Rg5 66. Kd2 Rg2+ 67. Ke1 Kd3 68. Rh5 b4 69. Kf1 Rb2 70. Rh3+ e3 71.
Rg3 Rb1+ 72. Kg2 b3 73. Rxe3+ Kxe3 74. Kg3 Rc1 75. Kg4 b2 76. Kf5 b1=Q+ 77. Ke5 Kf2 78. Kf6 Re1 79. Kg5 Qe4 80. Kh5 Ke2 81. Kg5 Kd2 82.
Kh6 Qe2 83. Kg5 Rf1 84. Kh6 Qg2 85. Kh7 Rh1# 0-1

[Event "*** SCC Grand Prix: Titled Tuesday Blitz"]
[Site "Chess.com"]
[Date "2020.10.06"]
[Round "5"]
[White "RaunakSadhwani2005"]
[Black "frederiksvane"]
[Result "0-1"]
[WhiteElo "2896"]
[BlackElo "2674"]
[TimeControl "180+1"]
[EndTime "10:58:48 PDT"]
[Termination "frederiksvane won by resignation"]

1. c4 Nf6 2. Nc3 c5 3. g3 Nc6 4. Bg2 g6 5. Nf3 Bg7 6. O-O d6 7. d3 Bf5 8. Rb1 Qd7 9. Re1 Bh3 10. Bh1 h5 11. Bg5 Nh7 12. Bd2 Nf8 13. Ng5 Bf5 14.
h4 Ne6 15. Nxe6 Bxe6 16. a3 O-O 17. b4 Rac8 18. bxc5 dxc5 19. Qc1 b6 20. Bh6 Nd4 21. Bxg7 Kxg7 22. Ne4 Bg4 23. Qb2 f6 24. Bg2 Bh3 25.
Bh1 Bg4 26. Nc3 Nc6 27. a4 Nb4 28. a5 Rb8 29. axb6 axb6 30. Ra1 Rfd8 31. Nb5 Qe8 32. Ra7 Bd7 33. Nc7 Qf7 34. Nd5 Nxd5 35. Bxd5 Be6 36.
Bf3 Bg4 37. Bd5 Be6 38. Bg2 Rd7 39. Rea1 Rxa7 40. Rxa7 Qe8 41. Qd2 Qd8 42. Qe3 Kf7 43. Qh6 Qg8 44. Be4 f5 45. Bf3 b5 46. cxb5 Rxb5 47.
Qg5 Qf8 48. Qf4 Qb8 49. Qa4 Rb4 50. Qa5 Rb5 51. Qc7 Qxc7 52. Rxc7 Rb1+ 53. Kg2 Rc1 54. d4 Kf6 55. dxc5 Rc2 56. c6 Bc4 57. e3 Be2 58.
Bxe2 Rxe2 59. Ra7 Rc2 60. c7 Ke6 61. Ra6+ Kf7 62. Ra7 Ke6 63. Kf3 Kf6 64. Ra6+ Kf7 65. Kf4 Rxc7 66. Kg5 Rc4 67. f4 Rc3 68. Rxg6 Rxe3 69.
Kxf5 e6+ 70. Kg5 Rxg3+ 71. Kxh5 Rxg6 72. f5 Rg8 73. fxe6+ Kxe6 74. Kh6 Kf6 75. Kh7 Rg4 76. h5 Kg5 77. h6 Rh4 78. Kg7 Rxh6 0-1

[Event "*** SCC Grand Prix: Titled Tuesday Blitz"]
[Site "Chess.com"]
[Date "2020.10.06"]
[Round "5"]
[White "Kassimov_B"]
[Black "FloMaster111"]
[Result "1-0"]
[WhiteElo "2430"]
[BlackElo "2561"]
[TimeControl "180+1"]
[EndTime "10:58:50 PDT"]
[Termination "Kassimov_B won by checkmate"]

1. Nc3 c6 2. e4 d5 3. Nf3 dxe4 4.
Nxe4 Nf6 5. Nxf6+ exf6 6. b3 Bd6 7. Bb2 O-O 8. Be2 Re8 9. O-O Qc7 10. h3 Nd7 11. Nh4 Nf8 12. Bg4 Ng6 13. Bxc8 Raxc8 14. Nf5 Be5 15. d4 Rcd8 16. Qg4 Bd6 17. Rfe1 Bb4 18.
c3 Bf8 19. g3 Kh8 20. Re2 Rxe2 21. Qxe2 Ne7 22. Nxe7 Bxe7 23. Re1 Bf8 24. Qe4 Kg8 25. c4 h6 26. Re2 Bd6 27. Kg2 Qa5 28. Ba1 Qg5 29. h4 Qc1 30. Re1 Qd2 31. Qe2 Qa5 32. Rd1 Bb4 33. a4 Bf8 34. Qf3 Qb4 35. d5 cxd5 36. cxd5 Qb6 37. Bd4 Qa6 38. Be3 b6 39.
Qg4 Kh8 40. h5 Qb7 41. Qf5 Qd7 42. Qxd7 Rxd7 43. g4 Kg8 44. Kf3 Bb4 45. Ke4 Kf8 46.
Rc1 Ke7 47. Rc8 g6 48. Bxh6 gxh5 49. gxh5 f5+ 50. Ke5 f6+ 51. Kxf5 Rxd5+ 52. Kg6 Bd2 53. Bxd2 Rxd2 54. h6 Rxf2 55. h7 Rg2+ 56. Kf5 Rf2+ 57.
Ke4 Re2+ 58. Kf3 Re6 59. h8=Q Kd6 60. Qd8+ Ke5 61. Qc7+ Kf5 62. Qf4+ Kg6 63. Rg8+ Kf7 64. Qg4 Ke7 65. Rg7+ Kd6 66. Qd4+ Kc6 67. Qd7+ Kc5 68. Qxe6 a5 69. Qc4+ Kd6 70. Rg6 b5 71. Rxf6+ Kd7 72. Qf7+ Kd8 73. Rh6 b4 74. Rh8# 1-0

[Event "*** SCC Grand Prix: Titled Tuesday Blitz"]
[Site "Chess.com"]
[Date "2020.10.06"]
[Round "5"]
[White "MVM2008"]
[Black "alejanchess73"]
[Result "1/2-1/2"]
[WhiteElo "2221"]
[BlackElo "2426"]
[TimeControl "180+1"]
[EndTime "10:58:58 PDT"]
[Termination "Game drawn by repetition"]

1. e4 c5 2. Nf3 d6 3. d4 cxd4 4. Nxd4 Nf6 5. Nc3 a6 6. Bc4 e6 7. Bb3 Be7 8. g4 O-O 9. g5 Ne8 10.
h4 Nc6 11. Be3 Na5 12. f4 Nxb3 13. Nxb3 b5 14. a3 Bb7 15. h5 Nc7 16. g6 h6 17.
Rg1 Bh4+ 18. Kf1 fxg6 19. Rxg6 d5 20. Qg4 Bf6 21. Ke2 dxe4 22. Rd1 Qe8 23. Rg1 Qf7 24. Bd4 Bxd4 25. Nxd4 Ne8 26. Nxe6 Bc8 27. f5 Bxe6 28. fxe6 Qf2+ 29. Kd1 Rd8+ 30. Kc1 Qf4+ 31. Qxf4 Rxf4 32. Ne2 Rf6 33. Ng3 Rxg6 34. hxg6 e3 35. Nf5 e2 36.
Re1 Nd6 37. Nxd6 Rxd6 38. Rxe2 Kf8 39. b3 Ke7 40. Rf2 Rxe6 41. Rf7+ Kd6 42. Rxg7 h5 43. Ra7 Ke5 44. g7 Rg6 45. Rxa6 Rxg7 46. Rh6 Rg5 47.
Kb2 Kf4 48. a4 bxa4 49. bxa4 Kg3 50. Kb3 h4 51. c4 h3 52. Kb4 Rg4 53. Kb5 Rh4 54.
Rg6+ Kf2 55. Rf6+ Ke1 56. Re6+ Kd2 57. Rd6+ Kc3 58. Rd1 h2 59. Rh1 Rxc4 60. Rxh2 Rb4+ 61. Ka5 Rb8 62. Rh3+ Kc4 63. Rh4+ Kc5 64. Rh5+ Kc6 65.
Rh6+ Kc7 66. Rh7+ Kc6 67. Rh6+ Kc5 68. Rh5+ Kc6 69. Rb5 Ra8+ 70. Kb4 Kc7 71. a5 Rh8 72. Rg5 Kc6 73. Rg6+ Kb7 74. Kb5 Rh5+ 75. Kb4 Ka7 76. Rf6 Rg5 77. Rf7+ Ka6 78. Rf6+ Ka7 79. Rf7+ Ka6 80.
Rf6+ Ka7 1/2-1/2

[Event "*** SCC Grand Prix: Titled Tuesday Blitz"]
[Site "Chess.com"]
[Date "2020.10.06"]
[Round "5"]
[White "GoltsevDmitry2000"]
[Black "SamuelGhimpu2003"]
[Result "0-1"]
[WhiteElo "2704"]
[BlackElo "2528"]
[TimeControl "180+1"]
[EndTime "10:59:03 PDT"]
[Termination "SamuelGhimpu2003 won by checkmate"]

1. e4 e6 2. Nf3 d5 3. exd5 exd5 4.
d4 Nf6 5. Bd3 c5 6. dxc5 Bxc5 7.
O-O O-O 8. Nbd2 Nc6 9. Nb3 Bd6 10.
Bg5 Bc7 11. c4 dxc4 12. Bxc4 Qxd1 13. Raxd1 Ne4 14. Be3 Bg4 15. h3 Bxf3 16. gxf3 Nf6 17. Nc5 Bb6 18. Nd7 Nxd7 19. Rxd7 Ne5 20. Bxb6 Nxd7 21. Be3 Rac8 22. Bd5 b6 23. Rd1 Ne5 24. b3 Rfd8 25. f4 Nc6 26. a4 Nb4 27. Bf3 Rxd1+ 28. Bxd1 Nd5 29. Bd2 f5 30. Kf1 Nc3 31. Bf3 Ne4 32.
Be3 Kf7 33. Be2 Nc3 34. Bc4+ Rxc4 35. bxc4 Nxa4 36. Ke2 Ke6 37. Kd3 g6 38. h4 h5 39. Bd4 Nc5+ 40. Kc3 Kd6 41. Kb4 Ne6 42. Be3 Kc6 43. f3 Nd8 44. Bd4 Nb7 45. Be3 Nd6 46. Bd4 a5+ 47. Kb3 b5 48. cxb5+ Kxb5 49. Be5 Nc4 50.
Bc3 a4+ 51. Ka2 Kc5 52. Bf6 Kb4 53. Bd4 Nd2 54. Bf6 Nxf3 55. Be7+ Kc4 56. Ka3 Kb5 57. Bf6 Nd2 58. Be7 Nc4+ 59. Ka2 Kc6 60. Bf6 Kd5 61. Be7 Ke4 62. Bg5 Ne3 63. Ka3 Ng2 64. Kxa4 Nxf4 65. Kb3 Ng2 66. Kc2 Kf3 67. Kd3 Kg4 68. Ke2 Nxh4 69.
Bd8 f4 70. Kf2 Nf5 71. Kg2 f3+ 72. Kf2 g5 73. Bc7 h4 74. Be5 Ng3 75. Ke3 Ne4 76. Bb8 f2 77. Ke2 Kf5 78. Bh2 g4 79. Bb8 g3 80. Kf1 Nd2+ 81. Kg2 f1=Q# 0-1

[Event "*** SCC Grand Prix: Titled Tuesday Blitz"]
[Site "Chess.com"]
[Date "2020.10.06"]
[Round "5"]
[White "zmeeed67"]
[Black "stefy02"]
[Result "0-1"]
[WhiteElo "2365"]
[BlackElo "2256"]
[TimeControl "180+1"]
[EndTime "10:59:11 PDT"]
[Termination "stefy02 won by resignation"]

1. e4 c5 2. g3 g6 3. Bg2 Bg7 4. Ne2 Nc6 5. O-O d6 6. Nbc3 Nf6 7. a3 O-O 8. Rb1 a6 9. b4 cxb4 10. axb4 Na7 11. b5 axb5 12. Nxb5 Nxb5 13. Rxb5 Ra5 14.
Rb1 b6 15. d3 Bb7 16. c4 Nd7 17. Bd2 Ra3 18. Rb3 Rxb3 19. Qxb3 Nc5 20. Qc2 Qa8 21.
Rb1 Nd7 22. Be3 Qa5 23. Qb3 Rb8 24. Nd4 Ba8 25. Qb5 Qxb5 26. Rxb5 Nc5 27. Bf1 Bxd4 28. Bxd4 Bc6 29. Rb1 Kf8 30. Bxc5 dxc5 31. f4 Ke8 32. Kf2 Kd7 33. Ke3 Kc7 34. Ra1 Kb7 35. g4 Rd8 36.
h4 f6 37. Be2 e5 38. fxe5 fxe5 39. Rf1 Rd7 40. Rf6 Re7 41. g5 Bd7 42. Bd1 Kc7 43.
Kf2 Be6 44. Kg3 Kd7 45. Bg4 Bxg4 46. Kxg4 Re6 47. Rf7+ Re7 48. Rf8 Kc7 49. Rf2 Rd7 50. Rf3 Re7 51. h5 Rd7 52. h6 Re7 53. Kg3 Kd7 54. Kf2 Ke8 55. Ke3 Kd7 56. Rf8 Re8 57. Rf7+ Re7 58. Rg7 Kd6 59. Kf3 Kd7 60. Kg4 Kd6 61.
Rg8 Kd7 62. Rb8 Kc7 63. Ra8 Kb7 64. Rg8 Kc7 65. Rg7 Kd7 66. Kf3 Kd6 67. Ke3 Kd7 68.
Kd2 Kd6 69. Kc3 Ke6 70. Kb3 Rxg7 71. hxg7 Kf7 72. Ka4 Kxg7 73. Kb5 h6 74. gxh6+ Kxh6 75. Kxb6 g5 76. Kxc5 g4 77. Kd6 g3 78. c5 g2 79.
c6 g1=Q 80. c7 Qg4 81. Kxe5 Qg3+ 82. Ke6 Qxc7 83. d4 Kg6 84. d5 Qc8+ 85. Kd6 Qd8+ 86. Kc6 Kf6 0-1

[Event "*** SCC Grand Prix: Titled Tuesday Blitz"]
[Site "Chess.com"]
[Date "2020.10.06"]
[Round "5"]
[White "Jospem"]
[Black "fireheart92"]
[Result "1/2-1/2"]
[WhiteElo "2990"]
[BlackElo "2876"]
[TimeControl "180+1"]
[EndTime "10:59:20 PDT"]
[Termination "Game drawn by repetition"]

1. e4 c5 2. Nf3 d6 3. c3 Nf6 4. h3 Nbd7 5. Bd3 b6 6. Bc2 Bb7 7. Qe2 Rc8 8. d3 g6 9. O-O Bg7 10. Bf4 O-O 11. a4 a6 12. Na3 e5 13. Bg5 h6 14.
Bd2 d5 15. exd5 Nxd5 16. Nc4 Qc7 17. Rfe1 Rfe8 18. Qd1 Re7 19. Bb3 Rce8 20. Rc1 Qb8 21. Be3 Kh7 22. Bd2 Ba8 23. a5 b5 24.
Na3 Nf4 25. Bxf4 exf4 26. Rxe7 Rxe7 27. Nb1 c4 28. dxc4 bxc4 29. Bxc4 Qxb2 30. Nbd2 Nc5 31. Qc2 Qxc2 32. Rxc2 g5 33. Kf1 f5 34. Nd4 Kg6 35.
N2b3 Nxb3 36. Nxb3 Be4 37. Rc1 Rc7 38. Bxa6 Rxc3 39. Rxc3 Bxc3 40. Nc5 Bc6 41. Bb7 Bb5+ 42. Kg1 Bxa5 43. Ba6 Bc6 44. Bb7 Bxb7 45. Nxb7 Bb4 46. Nd8 Kf6 47. Nc6 Bc3 48. Kf1 Ke6 49.
Ke2 Kd7 50. Na7 Bb4 51. Nb5 Ke6 52. Nd4+ Kf6 53. Nc6 Bc3 54. Na7 Bd4 55. Nb5 Be5 56.
f3 Ke6 57. Kd3 Kd5 58. Na3 Bd6 59. Nc4 Bc7 60. Na3 Kc5 61. Nc2 Bd6 62. Nd4 Kd5 63. Nxf5 Bf8 64. Nd4 Ke5 65. Kc4 Bd6 66. Nb5 Bb8 67.
Nd4 Bd6 68. Nc6+ Ke6 69. Kd4 Bc7 70. Ke4 Bb6 71. Ne5 Bc5 72. Ng6 Bd6 73. h4 Kf6 74. h5 Ke6 75. Kd4 Bb8 76. Nf8+ Kf5 77. Kd5 g4 78. Ne6 gxf3 79. gxf3 Ba7 80. Ng7+ Kg5 81.
Ke4 Bb8 82. Kd5 Ba7 83. Ke6 Bd4 84. Nf5 Bc3 85. Nd6 Kxh5 86. Kf5 Bd2 87. Nf7 Be3 88. Kf6 Bd2 89. Kf5 Be3 90. Kf6 Bd2 91. Kf5 1/2-1/2

[Event "*** SCC Grand Prix: Titled Tuesday Blitz"]
[Site "Chess.com"]
[Date "2020.10.06"]
[Round "5"]
[White "TokChess"]
[Black "TomiLen"]
[Result "0-1"]
[WhiteElo "2400"]
[BlackElo "2563"]
[TimeControl "180+1"]
[EndTime "10:59:28 PDT"]
[Termination "TomiLen won by resignation"]

1. Nf3 Nf6 2. g3 d5 3. Bg2 c6 4.
O-O Bg4 5. h3 Bxf3 6. Bxf3 e5 7.
d3 Nbd7 8. Nd2 Bc5 9. e4 dxe4 10. dxe4 O-O 11. Qe2 Qe7 12. a4 a5 13. Nc4 Rfd8 14.
Rd1 b6 15. Bd2 Nf8 16. Be1 Ng6 17. Kg2 Qe6 18. Ne3 Bxe3 19. Qxe3 c5 20. Be2 h5 21. h4 Qc6 22. Bb5 Qb7 23. f3 Ne7 24.
c3 Qc7 25. Bf2 Rxd1 26. Rxd1 Rd8 27. Qe2 Ng6 28. Be3 Rd6 29. Rd2 Qd8 30. Rxd6 Qxd6 31. Bg5 Nh7 32. Be3 Nf6 33. Kf2 Kf8 34. Bc4 Ne7 35.
Qc2 Qc7 36. Qd3 Nc8 37. Bg5 Nd6 38. Bxf6 gxf6 39. Bd5 Qd7 40. Bb3 Kg7 41. Qd5 Qc7 42. Kg2 c4 43. Bc2 Nb7 44. f4 exf4 45. Qxh5 Nc5 46.
Qg4+ Kf8 47. Qxf4 Qd7 48. Qe3 Qd6 49. Qd4 Qe7 50. h5 Kg7 51. Kh3 Qe6+ 52. g4 Kh6 53.
Qe3+ Kg7 54. Kg3 Qe5+ 55. Kf3 Ne6 56. Ke2 Nf4+ 57. Kd2 Ne6 58. Kc1 Ng5 59. Kb1 Qd6 60.
b3 cxb3 61. Bxb3 Qe5 62. Bc2 Qd6 63. Qd4 Qe6 64. Kb2 Qxg4 65. h6+ Kxh6 66. Qxf6+ Kh5 67. Qd4 Kh6 68. Bd1 Qe6 69. Bc2 Kg6 70. e5+ Kg7 71.
c4 Nh7 72. Qd5 Nf8 73. Qxe6 Nxe6 74. Kc3 Nc5 75. Kd4 Kf8 76. Kd5 Ke7 77. Kc6 Nd7 78.
Bf5 Nxe5+ 79. Kxb6 Nxc4+ 80. Kb5 Nd6+ 81. Kxa5 Nxf5 82.
Kb6 Nd6 83. a5 Nc4+ 84. Kb5 Nxa5 85. Kxa5 Kd6 86. Kb4 Kd5 87. Kc3 Ke4 88. Kd2 Kf3 89.
Ke1 f5 90. Kf1 f4 91. Ke1 Kg2 0-1

[Event "*** SCC Grand Prix: Titled Tuesday Blitz"]
[Site "Chess.com"]
[Date "2020.10.06"]
[Round "5"]
[White "Gabix_94"]
[Black "AndrewMaco"]
[Result "1/2-1/2"]
[WhiteElo "2802"]
[BlackElo "2636"]
[TimeControl "180+1"]
[EndTime "10:59:55 PDT"]
[Termination "Game drawn - insufficient material"]

1. Nf3 Nf6 2. c4 e6 3. Nc3 d5 4. e3 b6 5. b3 Bb7 6. Bb2 Bd6 7. Be2 O-O 8. O-O a6 9. d4 Nbd7 10. Rc1 Qe7 11. Qc2 Ne4 12. Nxe4 dxe4 13. Nd2 f5 14. g3 c5 15. f4 exf3 16. Bxf3 Bxf3 17. Nxf3 Nf6 18. Rce1 b5 19. dxc5 Bxc5 20. Bxf6 Rxf6 21. Kg2 Rff8 22. Re2 Rac8 23. cxb5 axb5 24. Qd3 Qb7 25. Rd1 h6 26. Qd7 Qxd7 27. Rxd7 Rfd8 28. Rxd8+ Rxd8 29. e4 Ra8 30. exf5 exf5 31. h4 Kf7 32. Re5 Rxa2+ 33. Kh3 Be7 34. Rxf5+ Bf6 35. Rxb5 Rb2 36. Kg4 Ke6 37.
Rb6+ Kd5 38. Rb7 Kc6 39. Rb4 Kc5 40. Rb8 Kd5 41. Ne1 Ke4 42. Rb4+ Ke3 43. Kh3 Kd2 44.
Ng2 Kc3 45. Rc4+ Kxb3 46. Rc7 Rc2 47. Rb7+ Kc4 48. Nf4 g5 49. Nh5 Bd4 50. hxg5 hxg5 51. Kg4 Be3 52. Nf6 Kd3 53. Nd5 Rc4+ 54. Kh5 Bd2 55.
g4 Ke4 56. Rd7 Bf4 57. Nf6+ Kf3 58. Rd3+ Ke2 59. Rb3 Rc6 60. Nd5 Rd6 61. Rb5 Kf3 62. Ne7 Rd8 63. Rb3+ Ke4 64. Kg6 Rd6+ 65. Kh5 Rd3 66. Rb4+ Rd4 67. Rb1 Rd6 68. Nf5 Ra6 69.
Re1+ Kf3 70. Nd4+ Kf2 71. Re2+ Kg3 72. Nf5+ Kf3 73. Rb2 Ra8 74. Rb3+ Kf2 75. Kg6 Rg8+ 76. Kf7 Ra8 77. Ne7 Ra7 78. Ke6 Ra6+ 79. Kf5 Ra5+ 80.
Kg6 Ra6+ 81. Kh5 Ra7 82. Nc6 Ra6 83. Nb4 Ra4 84. Nd3+ Kg2 85. Rb2+ Kf3 86. Rb3 Kg2 87. Nc5 Rc4 88. Ne6 Rc6 89. Nxg5 Rc5 90. Kg6 Rxg5+ 91. Kf6 Rxg4 92. Kf5 Rh4 93. Rb4 Kf3 94. Rb3+ Be3 95. Kg6 Re4 96. Kf5 Ra4 97. Rb7 Ra5+ 98. Ke6 Ke4 99. Kd7 Kd5 100. Rc7 Bc5 101. Rb7 Ra1 102. Kc7 Rg1 103. Kd7 Kc4 104. Kc6 Rd1 105. Kc7 Rd6 106. Kc8 Kd5 107. Rd7 Kc6 108. Rxd6+ Bxd6 1/2-1/2

[Event "*** SCC Grand Prix: Titled Tuesday Blitz"]
[Site "Chess.com"]
[Date "2020.10.06"]
[Round "5"]
[White "RusPakhom"]
[Black "djano"]
[Result "1-0"]
[WhiteElo "2313"]
[BlackElo "2447"]
[TimeControl "180+1"]
[EndTime "11:00:26 PDT"]
[Termination "RusPakhom won by resignation"]

1. e4 g6 2. h4 d5 3. exd5 Qxd5 4. Nc3 Qa5 5. h5 Bg7 6. Nf3 Bg4 7. hxg6 hxg6 8. Rxh8 Bxh8 9. Be2 Qh5 10. d3 Nc6 11.
Be3 Qh1+ 12. Bf1 Ne5 13. Kd2 Nxf3+ 14. gxf3 Bxf3 15. Be2 Qxd1+ 16. Rxd1 Bc6 17. Kc1 Nf6 18. Bf4 O-O-O 19. d4 Nh5 20. Be3 e6 21. Nb5 Kb8 22. Nxa7 Kxa7 23. d5+ Kb8 24. dxc6 Rxd1+ 25. Kxd1 bxc6 26.
c3 Be5 27. Bf3 Bf4 28. Bc5 Bd6 29.
Be3 Bf4 30. Bc5 Bd6 31. Be3 c5 32. Kc2 Nf4 33. Kb3 Nd5 34. Bd2 Nb6 35. a4 c4+ 36. Kc2 Nxa4 37. b3 cxb3+ 38. Kxb3 Nb6 39. c4 Bc5 40. Be1 f5 41. Be2 e5 42. Kc3 Kc8 43.
Kd3 e4+ 44. Kc3 Kd7 45. f3 e3 46. Kd3 f4 47. Ke4 g5 48. Bc3 Na4 49. Bf6 Be7 50.
Be5 Bd6 51. Bf6 Ke6 52. Bxg5 Nc3+ 53. Kd3 Nxe2 54. Kxe2 Kf5 55. Bh6 Be5 56. Kd3 Bd6 57.
Bg7 Kg6 58. Bd4 c5 59. Bc3 Kg5 60. Ke2 Kf5 61. Kd3 Be5 62. Ba5 Bd4 63. Bb6 Kg5 64. Bc7 Kf5 65. Bb6 Ke6 66. Ba7 Kf6 67.
Bb8 Kf5 68. Ba7 Kg5 69. Bb8 Bf6 70. Ba7 Be7 71. Bb8 Kf5 72. Bc7 Bf6 73. Bb8 Be5 74.
Ba7 Bd4 75. Bb8 Kg5 76. Bc7 Kf5 77. Bb8 Bf6 78. Bc7 Be7 79. Bb8 Bf8 80. Bc7 Bg7 81.
Bb8 Be5 82. Ba7 Bd6 83. Bb6 Kg5 84. Ba7 Kh4 85. Ke2 Kg3 86. Bb6 Kg2 87. Ba7 Be7 88. Bb6 Kh3 89. Bc7 Kg3 90. Bb8 Bf6 91. Bc7 Bd4 92.
Bd6 Kh3 93. Bxf4 Bf6 94. Bxe3 Be7 95. Kd3 Kg3 96. Ke4 Bf8 97. Bg5 Kf2 98. Bf4 Kg2 99. Be3 Kg3 100. f4 Kg4 101. f5 Be7 102. Bd2 Bf8 103. Bc3 Kg5 104. f6 Bd6 105. Kd5 Bf8 106. Ke6 Kg6 107. f7 Bh6 108. Be5 Bf8 109. Bd6 Bxd6 110. Kxd6 1-0

[Event "*** SCC Grand Prix: Titled Tuesday Blitz"]
[Site "Chess.com"]
[Date "2020.10.06"]
[Round "5"]
[White "Morshynska"]
[Black "Susal_De_Silva"]
[Result "1/2-1/2"]
[WhiteElo "2224"]
[BlackElo "2472"]
[TimeControl "180+1"]
[EndTime "11:00:39 PDT"]
[Termination "Game drawn by 50-move rule"]

1. Nf3 Nf6 2. g3 b6 3. Bg2 Bb7 4. c4 g6 5. O-O Bg7 6. Nc3 O-O 7. b3 d6 8. Bb2 Nbd7 9. d4 Ne4 10. Nxe4 Bxe4 11. Qd2 e6 12. Ne1 Bxg2 13. Nxg2 Qe7 14. e4 e5 15. Rae1 c5 16. dxe5 dxe5 17. Qc3 Rad8 18. Ne3 Nb8 19. Nd5 Qe6 20. f4 Nc6 21. f5 Qd7 22. f6 Bh6 23. Qf3 Rfe8 24. Kg2 Re6 25. Bc3 Rde8 26. h4 Bf8 27. g4 h6 28.
g5 h5 29. Rd1 Nd4 30. Qg3 Bd6 31. Qf2 b5 32. cxb5 Qxb5 33. Rfe1 Qd7 34. Qg3 Kh7 35. Qe3 Bb8 36. Qg3 Rd6 37. Qe3 Qg4+ 38. Qg3 Qxg3+ 39. Kxg3 Red8 40. Rd2 Ra6 41. Rc1 Bd6 42.
Kf2 Ne6 43. Rcd1 Nd4 44. Rc1 Rc8 45. Rcd1 Nb5 46. Ba1 c4 47. bxc4 Rxc4 48. Ne3 Bc5 49. Ke2 Bxe3 50. Kxe3 Ra3+ 51. Ke2 Rxe4+ 52. Kf1 Rf4+ 53.
Rf2 Rxf2+ 54. Kxf2 Rxa2+ 55. Kf1 e4 56. Be5 e3 57. Rd7 Rf2+ 58. Ke1 Na3 59. Rxf7+ Kg8 60. Rg7+ Kf8 61. Rc7 Nc2+ 62. Rxc2 Rxc2 63. Bd4 e2 64. Bxa7 Kf7 65. Bf2 Ra2 66. Be3 Ra3 67. Bf2 Ra4 68. Kxe2 Rg4 69. Kf3 Ke6 70. Be1 Ra4 71. Bg3 Ra3+ 72.
Kf4 Ra7 73. Bf2 Ra4+ 74. Kf3 Rc4 75. Bg3 Rc3+ 76. Kf4 Rc8 77. Kf3 Kf5 78. Bf2 Rc3+ 79. Be3 Rc7 80. Ke2 Kg4 81. Bf2 Rf7 82. Be1 Rc7 83.
Kd3 Rd7+ 84. Ke2 Kf5 85. Kf3 Rb7 86. Ke2 Rb3 87. Kf2 Rb2+ 88. Kf3 Rb7 89. Bg3 Ke6 90. Kg2 Rb4 91. Bf2 Rg4+ 92. Kf1 Kf7 93. Ke2 Re4+ 94. Kf3 Re6 95. Kg3 Rc6 96. Kf3 Ra6 97. Kf4 Ke6 98. Be3 Ra3 99. Bf2 Rh3 100. Ke4 Rh2 101. Bg3 Re2+ 102. Kf3 Ra2 103. Bf2 Ra3+ 104. Kf4 Ra4+ 105. Kf3 Ra8 106. Kf4 Rc8 107. Kf3 Rc4 108. Bg3 Rc2 109. Bf2 Kf7 110. Bg3 Ra2 111. Kf4 Ra3 112. Bf2 Rh3 113. Bg3 Rh1 114. Kf3 Rf1+ 115. Kg2 Rf5 116. Bf2 Ke6 117. Kf1 Rd5 118. Ke2 1/2-1/2

[Event "*** SCC Grand Prix: Titled Tuesday Blitz"]
[Site "Chess.com"]
[Date "2020.10.06"]
[Round "6"]
[White "BigAl"]
[Black "GmSergioBarrientos"]
[Result "0-1"]
[WhiteElo "2507"]
[BlackElo "2683"]
[TimeControl "180+1"]
[EndTime "11:03:45 PDT"]
[Termination "GmSergioBarrientos won by resignation"]

1. e4 c5 2. Nc3 e6 3. g3 a6 4. Bg2 b5 5. Nf3 Bb7 6. d3 b4 7.
Nb1 d5 8. Nbd2 Nf6 9. exd5 Bxd5 10. O-O Nbd7 11. Re1 Be7 12. a4 bxa3 13. Rxa3 O-O 14. Nc4 a5 15. Bf4 a4 16. c3 Nb6 17. Ne3 Bb3 18. Ne5 Bxd1 19. Rxd1 Nfd5 20. c4 Nxe3 21.
Bxe3 Bd6 22. Nc6 Qf6 23. d4 Nxc4 24. dxc5 Nxe3 25. Rxe3 Bxc5 26. Rf3 Qxb2 0-1

[Event "*** SCC Grand Prix: Titled Tuesday Blitz"]
[Site "Chess.com"]
[Date "2020.10.06"]
[Round "6"]
[White "Kildepiotr"]
[Black "Kassimov_B"]
[Result "1-0"]
[WhiteElo "2599"]
[BlackElo "2426"]
[TimeControl "180+1"]
[EndTime "11:04:06 PDT"]
[Termination "Kildepiotr won by resignation"]

1. Nf3 Nf6 2. g3 g6 3. Bg2 Bg7 4. O-O O-O 5. d4 d6 6. Nbd2 c5 7. dxc5 dxc5 8. e4 Nc6 9. c3 Bg4 10. Qc2 Nd7 11. Nc4 b5 12. Ne3 Bxf3 13. Bxf3 c4 14.
Rd1 e6 15. a4 a6 16. axb5 axb5 17. Rxa8 Qxa8 18. Rxd7 Ne5 19. Qd1 Nxd7 20. Qxd7 Rd8 21. Qc7 Rd3 22. Be2 Qa1 23. Bxd3 Qxc1+ 24. Bf1 Qxb2 25.
Qb8+ Bf8 26. Nxc4 Qxc3 27. Qxb5 1-0

[Event "*** SCC Grand Prix: Titled Tuesday Blitz"]
[Site "Chess.com"]
[Date "2020.10.06"]
[Round "6"]
[White "glebus008"]
[Black "kakakz"]
[Result "0-1"]
[WhiteElo "2232"]
[BlackElo "2391"]
[TimeControl "180+1"]
[EndTime "11:04:12 PDT"]
[Termination "kakakz won by resignation"]

1. e4 e6 2. d4 d5 3. exd5 exd5 4. Nf3 Bb4+ 5. c3 Bd6 6. c4 Nc6 7. Nc3 dxc4 8. Bxc4 Nge7 9. O-O O-O 10. Re1 Bg4 11.
h3 Bxf3 12. Qxf3 Nxd4 13. Qxb7 Nc2 14. Bg5 Nxa1 15. Rxa1 h6 16. Bh4 Qb8 17. Qxb8 Raxb8 18. Bb3 Nf5 19. g3 g5 0-1